 Dungeon Crawl Stone Soup version 0.30-a0-1053-gbd8d5ba0ad (webtiles) character file.

Game seed: 2580731019275833691

328 ytrimaz the Magician (level 6, -2/46 HPs)
             Began as a Demigod Transmuter on Apr 11, 2023.
             Slain by a gnoll
             ... wielding a +0 spear
              (6 damage)
             ... on level 4 of the Dungeon.
             The game lasted 00:04:36 (2724 turns).

ytrimaz the Magician (Demigod Transmuter)           Turns: 2724, Time: 00:04:37

Health: -2/46      AC:  2    Str: 11    XL:     6   Next: 4%
Magic:  10/14      EV: 19    Int: 23    God:
Gold:   153        SH:  0    Dex: 19    Spells: 1/11 levels left

rFire   . . .      SeeInvis .      - Unarmed
rCold   . . .      Faith    .    (shield currently unavailable)
rNeg    . . .      Spirit   .    a - melded +1 robe
rPois   x          Reflect  .    (helmet currently unavailable)
rElec   .          Rampage  .    (cloak currently unavailable)
rCorr   .                        m - melded +0 pair of gloves
Will    .....                    (boots currently unavailable)
Stlth   ++                       (no amulet)
HPRegen 0.27/turn                (no ring)
MPRegen 0.14/turn                (no ring)

@: spider-form, wereblooded (expiring)
A: venomous fangs, tiny, high MP 1, forlorn, divine attributes
a: End Transformation


You were on level 4 of the Dungeon.
You were a venomous arachnid creature.
You visited 1 branch of the dungeon, and saw 4 of its levels.

You collected 153 gold pieces.


Innate Abilities, Weirdness & Mutations

You are a venomous arachnid creature.
You have venomous fangs.
You are tiny and dextrous.
Your spellcasting is less reliable in this form.
Your armour is entirely melded.
You are incapable of wielding weapons or throwing items.
You have an increased reservoir of magic. (+10% MP)
You shall have no god before yourself.
Your divine heritage dramatically boosts your attributes as you level up.


   Skills:
 - Level 0.8 Fighting
 - Level 1.7 Dodging
 - Level 2.6 Unarmed Combat
 * Level 3.3 Spellcasting
 + Level 3.2 Transmutations
 - Level 3.0 Ice Magic
 - Level 2.0 Poison Magic


You had one spell level left.
You knew the following spells:

 Your Spells              Type           Power      Damage    Failure   Level
a - Beastly Appendage     Tmut           36%        N/A       11%         1
b - Wereblood             Tmut           18%        N/A       13%         2
c - Spider Form           Tmut/Pois      15%        N/A       28%         3
d - Ice Form              Ice/Tmut       18%        N/A       52%         4

Your spell library contained the following spells:

 Spells                   Type           Power      Damage    Failure   Level
 Apportation              Tloc           6%         N/A       26%         1
 Necrotise                Necr           12%        1d4       26%         1
 Slow                     Hex            12%        N/A       26%         1
 Summon Small Mammal      Summ           12%        N/A       26%         1
 Confusing Touch          Hex            3%         N/A       54%         3
 Vampiric Draining        Necr           3%         2d6       54%         3
 Vhi's Electric Charge    Tloc/Air       6%         N/A       54%         3
 Arcjolt                  Conj/Air       1%         1d11      99%         5
 Plasma Beam              Fire/Air       1%         2x1d12    100%        6

Inventory:

Armour
 a - a +1 robe (melded)
 m - a +0 pair of gloves (melded)
   (You found it on level 3 of the Dungeon)
Scrolls
 g - a scroll of vulnerability
 h - a scroll of identify
 j - a scroll of fog
Potions
 b - 2 potions of degeneration {unknown}
 c - a potion of attraction {unknown}
 d - 2 potions of heal wounds
 e - 3 potions of curing {unknown}
 f - a potion of haste {unknown}
 i - a potion of mutation {unknown}
 l - a potion of lignification
 o - 2 potions of magic {unknown}

Dungeon Overview and Level Annotations

Branches:
Dungeon (4/15) Zot: 21281
 Temple: D:4-7

Shops:
D:2

* ..# #.# #.# #
#.#
.#.#.#######.##
.g............#
..g.g...g.....#
##.#####g####.#
#s# #.# #[# #.#
#.# #.# #.# #.#
#.# #.##### ..#
##.#...#####
#.##
#........... ..
#........## ##.
#.........#


You could see 2 gnolls.


Message History

The gnoll shouts!
You hear a shout! x2
Unknown command.
You see here a +0 club.
Things that are here:
a +0 scale mail; a hobgoblin corpse
Casting: Spider Form (quite dangerous; 16% risk of failure)
Confirm with . or Enter, or press ? or * to list all spells.
The spell is quite dangerous to miscast (16% risk of failure)!
Continue anyway?
You turn into a venomous arachnid creature.
Your +0 pair of gloves melds into your body.
Your +1 robe melds into your body. 😎 MP[-2]
You lost 2 mp, and now have 8/12 mp.
Unknown command.
The gnoll hits you from afar with a +0 spear. 😕 HP[-2]
You take 2 damage, and now have 37/39 hp.
A gnoll comes into view. It is wielding a +0 spear.
The gnoll hits you with a +0 spear!
Things that are here:
a +0 scale mail; a hobgoblin corpse; 😕 HP[-7]
You take 7 damage, and now have 30/39 hp.
You hit the gnoll but do no damage.
The gnoll is poisoned.
The gnoll hits you with a +0 spear. 😮 HP[-2]
You take 2 damage, and now have 28/39 hp.
You hit the gnoll but do no damage.
The gnoll looks even sicker.
The gnoll hits you with a +0 spear! 😮 HP[-7]
You take 7 damage, and now have 21/39 hp.
You are too injured to fight recklessly!
You hit the gnoll but do no damage.
The gnoll looks as sick as possible!
The gnoll hits you with a +0 spear.
* * * LOW HITPOINT WARNING * * *
😨 HP[-5]
You take 5 damage, and now have 16/39 hp.
Unknown command.
You are too injured to fight recklessly!
You hit the gnoll.
The gnoll looks as sick as possible!
You are too injured to fight recklessly!
You hit the gnoll.
The gnoll completely misses you. 😨 HP[+1]
You hit the gnoll.
The gnoll looks as sick as possible!
The gnoll hits you with a +0 spear.
* * * LOW HITPOINT WARNING * * *
😨 HP[-1] MP[+1]
You take 1 damage, and now have 16/39 hp.
You are too injured to fight recklessly!
You hit the gnoll.
You feel a bit better.
You kill the gnoll!
You have reached level 6!
Your experience leads to a dramatic increase in your attributes!
Your base attributes are Str 11, Int 19, Dex 14.
Increase (S)trength, (I)ntelligence, or (D)exterity?
You feel clever. x4 😨 HP[+7]
You now have 46 max hp (+7).
You regained 7 hp, and now have 23/46 hp.
Unknown command.
You barely miss the gnoll. The gnoll completely misses you.
The gnoll barely misses you.
You bite the gnoll!
The gnoll looks as sick as possible!
The gnoll hits you with a +0 club.
* * * LOW HITPOINT WARNING * * *
The gnoll barely misses you. 😨 HP[-3]
You take 3 damage, and now have 20/46 hp.
You hit the gnoll but do no damage.
The gnoll looks as sick as possible!
The gnoll misses you. The gnoll closely misses you.
Unknown command.
You hit the gnoll but do no damage.
Your primal bloodlust is almost over.
The gnoll misses you. The gnoll closely misses you. 😨 HP[+1]
You hit the gnoll.
You feel a bit better.
You kill the gnoll!
The gnoll hits you from afar with a +0 spear!
* * * LOW HITPOINT WARNING * * *
😨 HP[-5]
You take 5 damage, and now have 16/46 hp.
The gnoll misses you. The gnoll barely misses you.
Items here: ))) [ ††. 😨 MP[+1]
You hit the gnoll. The gnoll hits you with a +0 spear.
* * * LOW HITPOINT WARNING * * *
The gnoll hits you from afar with a +0 spear.
* * * LOW HITPOINT WARNING * * *
😱 HP[-7]
You take 7 damage, and now have 9/46 hp.
You hit the gnoll. The gnoll hits you with a +0 spear.
* * * LOW HITPOINT WARNING * * *
The gnoll misses you. 😱 HP[-5]
You take 5 damage, and now have 4/46 hp.
Unknown command.
You hit the gnoll.
The gnoll is poisoned.
You hiss as the wereblood boils in your veins!
The gnoll misses you.
The gnoll hits you from afar with a +0 spear.
You die...

Skill      XL: |  1  2  3  4  5 |
---------------+----------------+-----
Transmutations | 2 3 |  3.2
Ice Magic      | 1 2 3 |  3.0
Spellcasting   | 2 3 |  3.3
Poison Magic   | 2 |  2.0
Fighting       | |  0.8
Dodging        | |  1.7
Unarmed Combat | |  2.6

Action                     |  1- 3 |  4- 6 || total
---------------------------+-------+-------++-------
  Melee: Unarmed           |    91 |   115 ||   206
         Kick              |    20 |     8 ||    28
         Headbutt          |     7 |     4 ||    11
         Punch             |     1 |       ||     1
   Cast: Beastly Appendage |    20 |     9 ||    29
         Spider Form       |       |     9 ||     9
         Wereblood         |       |     2 ||     2
    Use: Scroll            |     5 |     5 ||    10
         Potion            |     1 |       ||     1
 Armour: Robe              |    12 |     5 ||    17
         Skin              |     2 |     7 ||     9
  Dodge: Dodged            |    53 |    74 ||   127

Levels and vault maps discovered:
D:1:      saegor_arrival_simple_b, layout_basic, grunt_decor_cap
D:2:      layout_rooms, serial_shops, shop, guppyfry_early_lair_pool,
          uniq_sigmund
D:3:      layout_rooms, lemuel_tele_altar, wad_orctagon, uniq_robin,
          uniq_terence
D:4:      layout_loops_ring, minmay_starry_boxes

Notes
Turn   | Place    | Note
-------+----------+-------------------------------------------
     0 | D:1      | ytrimaz the Demigod Transmuter began the quest for the Orb.
     0 | D:1      | Reached XP level 1. HP: 15/15 MP: 5/5
     0 | D:1      | magus.rc [v1.9.6]
   205 | D:1      | Reached XP level 2. HP: 21/22 MP: 5/7
   206 | D:1      | Reached skill level 2 in Transmutations
   239 | D:1      | Reached skill level 1 in Ice Magic
   314 | D:1      | Reached skill level 2 in Spellcasting
   839 | D:2      | Reached XP level 3. HP: 27/27 MP: 6/8
   842 | D:2      | Learned a level 2 spell: Wereblood
   846 | D:2      | Learned a level 3 spell: Spider Form
   871 | D:2      | Reached skill level 1 in Poison Magic
   895 | D:2      | Found Orele's General Store.
  1055 | D:2      | Noticed Sigmund
  1085 | D:2      | Killed Sigmund
  1086 | D:2      | Reached skill level 2 in Ice Magic
  1086 | D:2      | Reached skill level 2 in Poison Magic
  1086 | D:2      | Reached XP level 4. HP: 34/34 MP: 8/11
  1086 | D:2      | Reached XP level 5. HP: 39/39 MP: 8/12
  1158 | D:2      | You pick up a book of Cantrips and begin reading...
  1158 | D:2      | You add the spells Necrotise, Summon Small Mammal and
                  | Apportation to your library.
  1161 | D:2      | You pick up a book of Debilitation and begin reading...
  1161 | D:2      | You add the spells Slow, Vampiric Draining and Confusing
                  | Touch to your library.
  1394 | D:3      | Noticed Terence
  1405 | D:3      | Killed Terence
  1406 | D:3      | Reached skill level 3 in Ice Magic
  1417 | D:3      | Reached skill level 3 in Spellcasting
  1487 | D:3      | Noticed Robin
  1522 | D:3      | Killed Robin
  1523 | D:3      | Reached skill level 3 in Transmutations
  2476 | D:4      | Learned a level 4 spell: Ice Form
  2651 | D:4      | You pick up a book of Lightning and begin reading...
  2651 | D:4      | You add the spells Vhi's Electric Charge, Arcjolt and
                  | Plasma Beam to your library.
  2716 | D:4      | Reached XP level 6. HP: 23/46 MP: 9/14
  2722 | D:4      | HP: 9/46 [gnoll/+0 spear (5)]
  2723 | D:4      | HP: 4/46 [gnoll/+0 spear (6)]
  2724 | D:4      | Slain by a gnoll

Vanquished Creatures
  Sigmund (D:2)
  Terence (D:3)
  Robin (D:3)
  2 gnolls (D:4)
  3 adders
  A worm (D:3)
  A dart slug (D:2)
  5 orcs (D:3)
  14 endoplasms
  3 giant cockroaches
  14 goblins
  6 hobgoblins
  2 quokkas (D:4)
  6 ball pythons
  4 bats (D:1)
  3 frilled lizards
  7 kobolds
  4 rats (D:1)
78 creatures vanquished.

Table legend:
 A = Non-vault XP
 B = Vault XP
 C = Vault XP percentage of total XP
 D = Non-vault monster count
 E = Vault monster count
 F = Vault count percentage of total count
                 A         B        C        D         E       F
            +---------+---------+-------+---------+---------+-------
      Total |     145 |     324 |  69.1 |      55 |      23 |  29.5
            +---------+---------+-------+---------+---------+-------
        D:1 |      39 |       0 |   0.0 |      26 |       0 |   0.0
        D:2 |      39 |     223 |  85.1 |      15 |       1 |   6.2
        D:3 |      15 |      80 |  84.2 |       6 |      16 |  72.7
        D:4 |      52 |      21 |  28.8 |       8 |       6 |  42.9
            +---------+---------+-------+---------+---------+-------

Illustrated notes

Table legend:
 A = Kills in this place as a percentage of kills in the entire game.
 B = Kills by you in this place as a percentage of kills by you in the entire game.
 C = Kills by friends in this place as a percentage of kills by friends in the entire game.
 D = Other kills in this place as a percentage of other kills in the entire game.
 E = Experience gained in this place as a percentage of experience gained in the entire game.
 F = Experience gained in this place divided by the number of levels of this place that you have seen.
                   A       B       C       D       E      F
               +-------+-------+-------+-------+-------+----------------------
         Total | 100.0 | 100.0 |   N/A |   N/A | 100.0 | 117.2
       Dungeon | 100.0 | 100.0 |   N/A |   N/A | 100.0 | 117.2
               +-------+-------+-------+-------+-------+----------------------

Table legend: (Time is in decaauts)
 A = Elapsed time spent in this place.
 B = Non-inter-level travel time spent in this place.
 C = Inter-level travel time spent in this place.
 D = Time resting spent in this place.
 E = Time spent auto-exploring this place.
 F = Levels seen in this place.
 G = Mean time per level.
                   A        B        C        D        E       F      G
               +--------+--------+--------+--------+--------+-----+--------+
         Total |   2717 |   2566 |    151 |    200 |   1736 |   4 |  679.2 |
       Dungeon |   2717 |   2566 |    151 |    200 |   1736 |   4 |  679.2 |
               +--------+--------+--------+--------+--------+-----+--------+

Top non-repeatable levels by time:
     D:3: 996 daAuts
     D:1: 782 daAuts
     D:2: 610 daAuts
     D:4: 328 daAuts
